TOP OF THE 1ST |
Spokane Trappers batting - Pitching for Vancouver Vipers : RHP Javier Toledo
|
Pitching: RHP Javier Toledo
|
|
Batting: LHB Héctor Rentería
|
0-0: Swinging Strike 0-1: Ball 1-1: Ball 2-1: Foul Ball, location: 2F 2-2: Strikes out swinging
|
Batting: LHB José Berroa
|
0-0: Called Strike 0-1: Swinging Strike 0-2: Ball 1-2: Ball 2-2: Ball 3-2: Strikes out swinging
|
Batting: LHB Vicente Bueno
|
0-0: Ball 1-0: Ball 2-0: Foul Ball, location: 2F 2-1: Foul Ball, location: 2F 2-2: Ball 3-2: Foul Ball, location: 2F 3-2: Foul Ball, location: 2F 3-2: Base on Balls
|
Batting: SHB Glenn Vadnais
|
0-0: Ball 1-0: Swinging Strike 1-1: Ground out 4-3 (Groundball, 34D)
|
Top of the 1st over - 0 run(s), 0 hit(s), 0 error(s), 1 left on base; Spokane 0 - Vancouver 0 |
BOTTOM OF THE 1ST |
Vancouver Vipers batting - Pitching for Spokane Trappers : RHP José Ortíz
|
Pitching: RHP José Ortíz
|
|
Batting: RHB Miguel Palácios
|
0-0: SINGLE (Groundball, 6) (infield hit)
|
Batting: LHB Dave Gray
|
0-0: Called Strike 0-1: Fielders Choice at 2nd, 4-6 (Groundball, 4)
|
Batting: LHB Larry Howard
|
0-0: SINGLE (Line Drive, 6MD) Dave Gray to second
|
Batting: LHB Bob Ware
|
0-0: Ball 1-0: Swinging Strike 1-1: Ball 2-1: Ball 3-1: Grounds into double play, 4-6-3 (Groundball, 4)
|
Bottom of the 1st over - 0 run(s), 2 hit(s), 0 error(s), 1 left on base; Spokane 0 - Vancouver 0 |
TOP OF THE 2ND |
Spokane Trappers batting - Pitching for Vancouver Vipers : RHP Javier Toledo
|
Batting: RHB Pedro Guzmán
|
0-0: Foul Ball, location: 2F 0-1: Ball 1-1: SOLO HOME RUN (Flyball, 7LD), Distance : 369 ft
|
Batting: LHB Alan Moore
|
0-0: Foul Ball, location: 2F 0-1: Ball 1-1: Called Strike 1-2: Foul Ball, location: 2F 1-2: Fly out, F9 (Flyball, 9)
|
Batting: RHB Robert Marks
|
0-0: Ball 1-0: Ground out 5-3 (Groundball, 56)
|
Batting: RHB John Craig
|
0-0: Ball 1-0: Ball 2-0: Ball 3-0: Called Strike 3-1: Foul Ball, location: 2F 3-2: SINGLE (Line Drive, 4MD)
|
Batting: LHB Jaime Padilla
|
0-0: Ground out 4-3 (Groundball, 34)
|
Top of the 2nd over - 1 run(s), 2 hit(s), 0 error(s), 1 left on base; Spokane 1 - Vancouver 0 |
BOTTOM OF THE 2ND |
Vancouver Vipers batting - Pitching for Spokane Trappers : RHP José Ortíz
|
Batting: RHB Lorenzo González
|
0-0: Called Strike 0-1: Called Strike 0-2: Ball 1-2: Ball 2-2: Strikes out swinging
|
Batting: LHB Mike Williams
|
0-0: Called Strike 0-1: Swinging Strike 0-2: Strikes out looking
|
Batting: RHB Marvin Workman
|
0-0: Ball 1-0: SINGLE (Line Drive, 6D)
|
Batting: RHB Víctor Arredondo
|
0-0: Called Strike 0-1: Foul Ball, location: 2F 0-2: Ground out 6-3 (Groundball, 56D)
|
Bottom of the 2nd over - 0 run(s), 1 hit(s), 0 error(s), 1 left on base; Spokane 1 - Vancouver 0 |
TOP OF THE 3RD |
Spokane Trappers batting - Pitching for Vancouver Vipers : RHP Javier Toledo
|
Batting: LHB Héctor Rentería
|
0-0: Ball 1-0: Called Strike 1-1: DOUBLE (Flyball, 7D)
|
Batting: LHB José Berroa
|
0-0: Ball 1-0: Ball 2-0: Ball 3-0: Called Strike 3-1: Foul Ball, location: 2F 3-2: SINGLE (Groundball, 6S) (infield hit) Héctor Rentería to third
|
Batting: LHB Vicente Bueno
|
0-0: Ball 1-0: Ball 2-0: Ball 3-0: Base on Balls José Berroa to second
|
Batting: SHB Glenn Vadnais
|
0-0: Ball 1-0: Ball 2-0: Foul Ball, location: 2F 2-1: Fly out, F8 (Flyball, 8LM) Runner from 3rd tags up, SCORES, no throw
|
Batting: RHB Pedro Guzmán
|
0-0: Fly out, F9 (Flyball, 9LSF)
|
Batting: LHB Alan Moore
|
0-0: Ball 1-0: Ball 2-0: Ball 3-0: Swinging Strike 3-1: SINGLE (Groundball, 34S) (infield hit) José Berroa to third Vicente Bueno to second
|
Batting: RHB Robert Marks
|
0-0: Called Strike 0-1: Ground out 4-3 (Groundball, 4M)
|
Top of the 3rd over - 1 run(s), 3 hit(s), 0 error(s), 3 left on base; Spokane 2 - Vancouver 0 |
BOTTOM OF THE 3RD |
Vancouver Vipers batting - Pitching for Spokane Trappers : RHP José Ortíz
|
Batting: RHB Ryan Parrish
|
0-0: Ball 1-0: Swinging Strike 1-1: Ball 2-1: Swinging Strike 2-2: Ball 3-2: Fly out, F9 (Flyball, 9)
|
Batting: RHB Miguel Palácios
|
0-0: Ball 1-0: Swinging Strike 1-1: Ball 2-1: Ground out 6-3 (Groundball, 6)
|
Batting: LHB Dave Gray
|
0-0: Ball 1-0: SINGLE (Groundball, 6MD)
|
Batting: LHB Larry Howard
|
0-0: Ball 1-0: Called Strike 1-1: Called Strike 1-2: Ball 2-2: Foul Ball, location: 2F 2-2: Foul Ball, location: 2F 2-2: Ball 3-2: Ground out 1-3 (Groundball, 15S)
|
Bottom of the 3rd over - 0 run(s), 1 hit(s), 0 error(s), 1 left on base; Spokane 2 - Vancouver 0 |
TOP OF THE 4TH |
Spokane Trappers batting - Pitching for Vancouver Vipers : RHP Javier Toledo
|
Batting: RHB John Craig
|
0-0: Swinging Strike 0-1: Ball 1-1: Ball 2-1: Ball 3-1: Foul Ball, location: 2F 3-2: Strikes out swinging
|
Batting: LHB Jaime Padilla
|
0-0: Foul Ball, location: 2F 0-1: Swinging Strike 0-2: Strikes out looking
|
Batting: LHB Héctor Rentería
|
0-0: Called Strike 0-1: Called Strike 0-2: Ball 1-2: Foul Ball, location: 2F 1-2: Foul Ball, location: 2F 1-2: Foul Ball, location: 2F 1-2: Ball 2-2: Foul Ball, location: 2F 2-2: Fly out, F7 (Flyball, 7LM)
|
Top of the 4th over - 0 run(s), 0 hit(s), 0 error(s), 0 left on base; Spokane 2 - Vancouver 0 |
BOTTOM OF THE 4TH |
Vancouver Vipers batting - Pitching for Spokane Trappers : RHP José Ortíz
|
Batting: LHB Bob Ware
|
0-0: Swinging Strike 0-1: Ball 1-1: Swinging Strike 1-2: Strikes out looking
|
Batting: RHB Lorenzo González
|
0-0: Ball 1-0: Ground out 4-3 (Groundball, 4)
|
Batting: LHB Mike Williams
|
0-0: Called Strike 0-1: Foul Ball, location: 2F 0-2: Fly out, F8 (Flyball, 8LM)
|
Bottom of the 4th over - 0 run(s), 0 hit(s), 0 error(s), 0 left on base; Spokane 2 - Vancouver 0 |
TOP OF THE 5TH |
Spokane Trappers batting - Pitching for Vancouver Vipers : RHP Javier Toledo
|
Batting: LHB José Berroa
|
0-0: Called Strike 0-1: Swinging Strike 0-2: Ball 1-2: Foul Ball, location: 2F 1-2: Ground out 4-3 (Groundball, 4)
|
Batting: LHB Vicente Bueno
|
0-0: Called Strike 0-1: Ball 1-1: Called Strike 1-2: Foul Ball, location: 2F 1-2: Ball 2-2: Strikes out swinging
|
Batting: SHB Glenn Vadnais
|
0-0: Called Strike 0-1: Ball 1-1: Foul Ball, location: 2F 1-2: Strikes out looking
|
Top of the 5th over - 0 run(s), 0 hit(s), 0 error(s), 0 left on base; Spokane 2 - Vancouver 0 |
BOTTOM OF THE 5TH |
Vancouver Vipers batting - Pitching for Spokane Trappers : RHP José Ortíz
|
Batting: RHB Marvin Workman
|
0-0: SINGLE (Groundball, 34S) (infield hit)
|
Batting: RHB Víctor Arredondo
|
0-0: Swinging Strike 0-1: Fielders Choice at 2nd, 6-4 (Groundball, 6)
|
Batting: RHB Ryan Parrish
|
0-0: Called Strike 0-1: Ball 1-1: Ball 2-1: Reached on error, E5 (Groundball, 56) Víctor Arredondo to second
|
Batting: RHB Miguel Palácios
|
0-0: Ball 1-0: Called Strike Víctor Arredondo steals 3rd base Ryan Parrish to second 1-1: Called Strike 1-2: Foul Ball, location: 2F 1-2: Ball 2-2: Ball 3-2: Base on Balls
|
Batting: LHB Dave Gray
|
0-0: Ball 1-0: Ball 2-0: Ball 3-0: Called Strike 3-1: Grounds into double play, 4-6-3 (Groundball, 34)
|
Bottom of the 5th over - 0 run(s), 1 hit(s), 1 error(s), 2 left on base; Spokane 2 - Vancouver 0 |
TOP OF THE 6TH |
Spokane Trappers batting - Pitching for Vancouver Vipers : RHP Javier Toledo
|
Pitching: RHP José González
|
|
Batting: RHB Pedro Guzmán
|
0-0: Foul Ball, location: 2F 0-1: Called Strike 0-2: Strikes out swinging
|
Batting: LHB Alan Moore
|
0-0: Called Strike 0-1: Ball 1-1: Foul Ball, location: 2F 1-2: Ball 2-2: Strikes out looking
|
Batting: RHB Robert Marks
|
0-0: SINGLE (Flyball, 7LM)
|
Batting: RHB John Craig
|
0-0: Ball Wild Pitch! Robert Marks to second 1-0: Foul Ball, location: 2F 1-1: Foul Ball, location: 2F 1-2: Foul Ball, location: 2F 1-2: Fly out, F9 (Line Drive, 89D)
|
Top of the 6th over - 0 run(s), 1 hit(s), 0 error(s), 1 left on base; Spokane 2 - Vancouver 0 |
BOTTOM OF THE 6TH |
Vancouver Vipers batting - Pitching for Spokane Trappers : RHP José Ortíz
|
Batting: LHB Larry Howard
|
0-0: Called Strike 0-1: DOUBLE (Flyball, 8RXD)
|
Batting: LHB Bob Ware
|
0-0: Ball 1-0: Ball 2-0: Ground out 4-3 (Groundball, 4S) Larry Howard to third
|
Batting: RHB Lorenzo González
|
0-0: Ball 1-0: Ball 2-0: Called Strike 2-1: Foul Ball, location: 2F 2-2: Strikes out swinging
|
Batting: LHB Mike Williams
|
0-0: Swinging Strike 0-1: Called Strike 0-2: Ground out 6-3 (Groundball, 6M)
|
Bottom of the 6th over - 0 run(s), 1 hit(s), 0 error(s), 1 left on base; Spokane 2 - Vancouver 0 |
TOP OF THE 7TH |
Spokane Trappers batting - Pitching for Vancouver Vipers : RHP José González
|
Batting: LHB Jaime Padilla
|
0-0: Ball 1-0: Ground out 4-3 (Groundball, 4)
|
Batting: LHB Héctor Rentería
|
0-0: Ground out U3 (Groundball, 34S)
|
Batting: LHB José Berroa
|
0-0: Ball 1-0: Foul Ball, location: 2F 1-1: Foul Ball, location: 2F 1-2: Ball 2-2: Fly out, F4 (Line Drive, 34D)
|
Top of the 7th over - 0 run(s), 0 hit(s), 0 error(s), 0 left on base; Spokane 2 - Vancouver 0 |
BOTTOM OF THE 7TH |
Vancouver Vipers batting - Pitching for Spokane Trappers : RHP José Ortíz
|
Batting: RHB Marvin Workman
|
0-0: Ball 1-0: Fly out, F8 (Flyball, 8RS)
|
Batting: RHB Víctor Arredondo
|
0-0: Ball 1-0: Ball 2-0: Called Strike 2-1: Foul Ball, location: 2F 2-2: Foul Ball, location: 2F 2-2: SINGLE (Groundball, 6MD)
|
Batting: RHB Ryan Parrish
|
0-0: Called Strike 0-1: Ground out 5-3 (Groundball, 56S) Víctor Arredondo to second
|
Batting: RHB Miguel Palácios
|
0-0: Foul Ball, location: 2F 0-1: Ball 1-1: Fly out, F9 (Flyball, 9LM)
|
Bottom of the 7th over - 0 run(s), 1 hit(s), 0 error(s), 1 left on base; Spokane 2 - Vancouver 0 |
TOP OF THE 8TH |
Spokane Trappers batting - Pitching for Vancouver Vipers : RHP José González
|
Batting: LHB Vicente Bueno
|
0-0: SINGLE (Flyball, 8RS)
|
Batting: SHB Glenn Vadnais
|
0-0: Ball 1-0: Ball 2-0: Foul Ball, location: 2F 2-1: Foul Ball, location: 2F 2-2: Ball 3-2: Foul Ball, location: 2F 3-2: Foul Ball, location: 2F 3-2: Strikes out looking Vicente Bueno steals 2nd base Batter strikes out.
|
Batting: RHB Pedro Guzmán
|
0-0: Intentional Walk
|
Pitching: LHP Greg Taylor
|
|
Pinch Hitting: RHB Toru Nakanishi
|
0-0: Fly out, F8 (Flyball, 8RXD) Runner from 2nd tags up, SAFE at 3rd, no throw
|
Pitching: RHP Jesse Jones
|
|
Batting: RHB Robert Marks
|
0-0: Fly out, F9 (Flyball, 89S)
|
Top of the 8th over - 0 run(s), 1 hit(s), 0 error(s), 2 left on base; Spokane 2 - Vancouver 0 |
BOTTOM OF THE 8TH |
Vancouver Vipers batting - Pitching for Spokane Trappers : RHP José Ortíz
|
Now at 1B: Toru Nakanishi
|
|
Batting: LHB Dave Gray
|
0-0: Ball 1-0: Ball 2-0: SINGLE (Line Drive, 8LS)
|
Batting: LHB Larry Howard
|
0-0: Grounds into double play, 4-6-3 (Groundball, 4)
|
Batting: LHB Bob Ware
|
0-0: Ball 1-0: Ball 2-0: Called Strike 2-1: Called Strike 2-2: Ground out 6-3 (Groundball, 6S)
|
Bottom of the 8th over - 0 run(s), 1 hit(s), 0 error(s), 0 left on base; Spokane 2 - Vancouver 0 |
TOP OF THE 9TH |
Spokane Trappers batting - Pitching for Vancouver Vipers : RHP Jesse Jones
|
Batting: RHB John Craig
|
0-0: SINGLE (Groundball, 6D)
|
Batting: LHB Jaime Padilla
|
0-0: Bunted foul 0-1: Bunted foul 0-2: Ball 1-2: Ball 2-2: Ball 3-2: Fly out, F8 (Flyball, 8LM)
|
Batting: LHB Héctor Rentería
|
0-0: Called Strike 0-1: Ball 1-1: Ball 2-1: Foul Ball, location: 2F 2-2: Foul Ball, location: 2F 2-2: Strikes out swinging
|
Batting: LHB José Berroa
|
0-0: Ball 1-0: Ball 2-0: Called Strike 2-1: Called Strike 2-2: SINGLE (Groundball, 6MD) John Craig to second
|
Batting: LHB Vicente Bueno
|
0-0: Ball 1-0: Fly out, F4 (Line Drive, 4)
|
Top of the 9th over - 0 run(s), 2 hit(s), 0 error(s), 2 left on base; Spokane 2 - Vancouver 0 |
BOTTOM OF THE 9TH |
Vancouver Vipers batting - Pitching for Spokane Trappers : RHP José Ortíz
|
Pitching: LHP Howard Bailey
|
|
Batting: RHB Lorenzo González
|
0-0: Ball 1-0: TRIPLE (Flyball, 8LXD)
|
Pinch Hitting: RHB Daniel Robert
|
0-0: Fly out, F9 (Flyball, 9LM) Runner from 3rd tags up, SCORES, throw made
|
Batting: RHB Marvin Workman
|
0-0: Called Strike 0-1: Ball 1-1: Swinging Strike 1-2: Ball 2-2: DOUBLE (Line Drive, 7LM)
|
Pinch Hitting: SHB Henry Copeland
|
0-0: Ball 1-0: Swinging Strike 1-1: Called Strike 1-2: Foul Ball, location: 2F 1-2: Ball 2-2: Foul Ball, location: 2F 2-2: Ball 3-2: Ground out 6-3 (Groundball, 6)
|
Pinch Hitting: RHB Jesús Gonzáles
|
0-0: Called Strike 0-1: Fly out, F6 (Line Drive, 6D)
|
Bottom of the 9th over - 1 run(s), 2 hit(s), 0 error(s), 1 left on base; Spokane 2 - Vancouver 1 |
|